 Dungeon Crawl Stone Soup version 0.31-a0-237-g2d982f9f85 (webtiles) character file.

Game seed: 15048943216962072408

219 qw the Shooter (level 5, 0/32 HPs)
             Began as a Gargoyle Hexslinger on July 11, 2023.
             Slain by an iguana (2 damage)
             ... on level 4 of the Dungeon.
             The game lasted 00:01:06 (2502 turns).

qw the Shooter (Gargoyle Hexslinger)                Turns: 2502, Time: 00:01:07

Health: 0/32       AC: 10    Str: 12    XL:     5   Next: 96%
Magic:  6/6        EV: 10    Int: 13    God:
Gold:   169        SH:  0    Dex: 14    Spells: 5/6 levels left

rFire   . . .        b - +1 sling (heavy)
rCold   . . .        (no shield)
rNeg    + . .        f - +0 ring mail
rPois   inf          d - +0 helmet
rElec   +            (no cloak)
rCorr   .            (no gloves)
SInv    .            (no boots)
Will    .....        (no amulet)
Stlth   +            (no ring)
HPRegen 0.25/turn    (no ring)
MPRegen 0.10/turn

%: no passive effects
@: no status effects
A: sickness immunity, AC +4, negative energy resistance 1, electricity
resistance, torment resistance 1, petrification resistance
a: no special abilities


You were on level 4 of the Dungeon.
You visited 1 branch of the dungeon, and saw 4 of its levels.

You collected 169 gold pieces.


Innate Abilities, Weirdness & Mutations

You are immune to sickness and miasma.
Your stone body is resilient. (AC +4)
You are immune to poison.
You resist negative energy. (rN+)
You are resistant to electric shocks. (rElec)
You are resistant to unholy torment.
You are immune to petrification.


   Skills:
 - Level 3.0 Fighting
 + Level 5.1 Ranged Weapons
 - Level 1.0 Armour
 - Level 1.5 Dodging
 - Level 1.0 Spellcasting
 - Level 2.6 Hexes


You had 5 spell levels left.
You knew the following spells:

 Your Spells              Type           Power      Damage    Failure   Level
a - Slow                  Hex            28%        N/A       22%         1

Your spell library contained the following spells:

 Spells                   Type           Power      Damage    Failure   Level
 Inner Flame              Hex/Fire       4%         N/A       73%         3
 Portal Projectile        Hex/Tloc       8%         N/A       73%         3
 Cause Fear               Hex            3%         N/A       91%         4

Inventory:

Hand Weapons
 b - a +1 heavy sling (weapon)
Armour
 d - a +0 helmet (worn)
 f - a +0 ring mail (worn)
Scrolls
 a - a scroll of identify
Potions
 e - a potion of curing
 g - a potion of attraction {unknown}
 h - a potion of invisibility {unknown}
 j - a potion of lignification {unknown}

Dungeon Overview and Level Annotations

Branches:
Dungeon (4/15)
 Temple: D:4-7

Altars:
Fedhas
Vehumet

Shops:
D:1 *


Message History

You see here a +0 war axe.
An iguana comes into view.
The iguana hisses angrily.
The iguana moves out of view.
Enter note:
Enter note:
Enter note:
Enter note:
Enter note:
Enter note:
Found a chain mail.
Enter note:
Enter note:
Enter note:
Enter note:
Enter note:
Enter note: You shoot a sling bullet.
The sling bullet barely misses the iguana.
You shoot a sling bullet. The sling bullet hits the iguana.
The iguana is moderately wounded.
You shoot a sling bullet.
The sling bullet closely misses the iguana.
The iguana bites you. x2
You shoot a sling bullet.
The sling bullet barely misses the iguana.
The iguana bites you but does no damage. x2
You shoot a sling bullet.
The sling bullet closely misses the iguana.
The iguana closely misses you. The iguana bites you!
You shoot a sling bullet. The sling bullet hits the iguana.
The iguana is heavily wounded.
The iguana bites you but does no damage. x2
You shoot a sling bullet.
The sling bullet closely misses the iguana.
The iguana bites you. x2
You shoot a sling bullet. The sling bullet hits the iguana!
The iguana is almost dead.
The iguana bites you.
You die...

.........#....... .....
#............. #.....
##.......###.. ......
##......##....
........#####............<
.... #..##.......SW.......
....# #...................
... #..l....$.......... ...
#.##..@............... ...#
#.............h....... ....#
##.....#........!...##
#.).###.....##...####.......
#....#...#####...# .......
#....)...# #..[.. h..J.##
##....##.##. ....
####..###.... ....
+..#.........


You could see an iguana.

Vanquished Creatures
  A hound (D:3)
  An iguana (D:4)
  An orc wizard (D:4)
  6 adders
  4 worms
  2 dart slugs
  7 orcs (D:4)
  5 ball pythons
  6 endoplasms
  2 giant cockroaches
  3 goblins
  2 hobgoblins
  7 jackals
  2 kobolds (D:2)
  3 quokkas
  4 bats
  A frilled lizard (D:1)
  3 rats (D:1)
60 creatures vanquished.

Notes
Turn   | Place    | Note
-------+----------+-------------------------------------------
     0 | D:1      | qw the Gargoyle Hexslinger began the quest for the Orb.
     0 | D:1      | Reached XP level 1. HP: 12/12 MP: 2/2
     0 | D:1      | 0 ||| qw: Version: 0.3-a-52-g30416fa
     0 | D:1      | 0 ||| qw: Game counter: 5834
     0 | D:1      | 0 ||| qw: Melee chars always use a shield: true
     0 | D:1      | 0 ||| qw: God list: Okawaru
     0 | D:1      | 0 ||| qw: Allow faded altars: false
     0 | D:1      | 0 ||| qw: Do Orc after clearing Dungeon:15 true
     0 | D:1      | 0 ||| qw: Do second Lair branch before Depths: true
     0 | D:1      | 0 ||| qw: Lair rune preference: random
     0 | D:1      | 0 ||| qw: Goals: Normal
     0 | D:1      | 0 ||| PLANNING D:1-11
    69 | D:1      | Reached XP level 2. HP: 16/16 MP: 3/3
   124 | D:1      | 124 ||| Stepping ~*~*~tactically~*~*~ (outnumbered).
   134 | D:1      | Reached skill level 3 in Ranged Weapons
   186 | D:1      | Found Komaufit's General Store.
   194 | D:1      | 194 ||| SHOPLISTING +0 cloak (58 gold, have 5).
   194 | D:1      | 194 ||| SHOPLISTING +0 shortbow (39 gold, have 5).
   194 | D:1      | 194 ||| SHOPLISTING +3 leather armour of fire resistance
                  | (312 gold, have 5).
   194 | D:1      | 194 ||| SHOPLISTING potion of might (52 gold, have 5).
   402 | D:1      | 402 ||| UPGRADING to +0 helmet.
   407 | D:1      | 407 ||| UPGRADING to +0 leather armour.
   417 | D:1      | 417 ||| DROPPING +0 robe.
   418 | D:1      | 418 ||| READING 2 scrolls labelled PORECU NOCHIU.
   419 | D:1      | 419 ||| DROPPING scroll of poison.
   498 | D:2      | Reached XP level 3. HP: 21/21 MP: 4/4
   711 | D:2      | HP: 3/21 [worm (4)]
   714 | D:2      | Reached XP level 4. HP: 4/26 MP: 5/5
  1091 | D:2      | Reached skill level 4 in Ranged Weapons
  1185 | D:2      | 1185 ||| UPGRADING to +0 ring mail.
  1195 | D:2      | 1195 ||| DROPPING +0 leather armour.
  1196 | D:2      | 1196 ||| READING scroll labelled BYPOPN UZIA.
  1197 | D:2      | 1197 ||| READING 2 scrolls labelled FOCSOSMUKK.
  1198 | D:2      | 1198 ||| READING scroll labelled BOFAMA DUDDI.
  1199 | D:2      | 1199 ||| READING scroll labelled DOWNYQ BOUCUK.
  1200 | D:2      | 1200 ||| DRINKING 2 coppery potions.
  1201 | D:2      | 1201 ||| DROPPING scroll of revelation.
  1206 | D:3      | 1206 ||| PLANNING SEWER
  1271 | D:3      | Identified the +7 dagger "Huul Ira" {heavy, Dex+5}
  1304 | D:3      | Reached skill level 1 in Armour
  1344 | D:3      | Reached XP level 5. HP: 30/30 MP: 6/6
  1436 | D:3      | Found a faded altar of an unknown god.
  1461 | D:3      | Found a radiant altar of Vehumet.
  1809 | D:3      | 1809 ||| RIP SEWER
  1858 | D:3      | 1858 ||| PLANNING D:1-11
  1908 | D:3      | 1908 ||| READING 2 scrolls labelled GYTSOG VUBBE.
  1930 | D:3      | 1930 ||| READING 2 scrolls labelled USOMAK ANOUGEUMI.
  2041 | D:3      | 2041 ||| READING scroll labelled EZXOETI VUOSO.
  2042 | D:3      | 2042 ||| DROPPING scroll of torment.
  2152 | D:4      | Found a blossoming altar of Fedhas.
  2177 | D:4      | HP: 7/30 [something (3)]
  2179 | D:4      | Reached skill level 5 in Ranged Weapons
  2307 | D:4      | Noticed a phantom
  2323 | D:4      | HP: 6/30 [phantom (3)]
  2324 | D:4      | 2324 ||| READING scroll of teleportation.
  2470 | D:4      | Reached skill level 3 in Fighting
  2501 | D:4      | HP: 7/32 [iguana (4)]
  2501 | D:4      | HP: 1/32 [iguana (6)]
  2502 | D:4      | Slain by an iguana

Levels and vault maps discovered:
D:1:      dpeg_arrival_connections, layout_rooms, serial_shops, shop,
          minmay_unequal
D:2:      layout_rooms, serial_forest, infiniplex_forest_straight_2,
          infiniplex_forest_clump_small, infiniplex_forest_end_2,
          infiniplex_forest_lined_3, infiniplex_forest_straight_4,
          infiniplex_forest_straight_4, infiniplex_forest_end_1,
          reono_crystal_passage
D:3:      layout_basic, nicolae_vehumet_radiance, cheibrodos_sewer_entry_bend,
          chequers_ecumenical_altar_simple, minmay_misc_feat_four_crosses
D:4:      layout_layer_cave, chequers_temple_overflow_statue_of_worship,
          minitemple, minmay_temple_entry_hall

Skill      XL: |  1  2  3  4  5 |
---------------+----------------+-----
Ranged Weapons | 3 4 5 |  5.1
Fighting       | 2 3 |  3.0
Armour         | 1 |  1.0
Dodging        | |  1.5
Spellcasting   | |  1.0
Hexes          | |  2.6

Action                     |  1- 3 |  4- 6 || total
---------------------------+-------+-------++-------
   Fire: Sling             |   123 |   134 ||   257
    Use: Scroll            |     1 |     8 ||     9
         Potion            |       |     1 ||     1
 Armour: Robe              |     7 |       ||     7
         Leather armour    |    16 |     2 ||    18
         Ring mail         |       |    55 ||    55
  Dodge: Dodged            |    26 |    51 ||    77

Table legend:
 A = Non-vault XP
 B = Vault XP
 C = Vault XP percentage of total XP
 D = Non-vault monster count
 E = Vault monster count
 F = Vault count percentage of total count
                 A         B        C        D         E       F
            +---------+---------+-------+---------+---------+-------
      Total |     305 |       8 |   2.6 |      57 |       3 |   5.0
            +---------+---------+-------+---------+---------+-------
        D:1 |      24 |       3 |  11.1 |      13 |       2 |  13.3
        D:2 |      65 |       0 |   0.0 |      17 |       0 |   0.0
        D:3 |      89 |       5 |   5.3 |      11 |       1 |   8.3
        D:4 |     127 |       0 |   0.0 |      16 |       0 |   0.0
            +---------+---------+-------+---------+---------+-------
